 Dungeon Crawl Stone Soup version 0.30-a0-137-gd8773701ce (webtiles) character file.

Game seed: 10272238315426563263

30174 inmateoo the Spear-Bearer (level 13, -1/101 HPs)
             Began as a Human Fighter on Sept 21, 2022.
             Was a High Priest of Okawaru.
             Slain by Snorg (3 damage)
             ... on level 13 of the Dungeon.
             The game lasted 00:16:39 (18241 turns).

inmateoo the Spear-Bearer (Human Fighter)          Turns: 18241, Time: 00:16:40

Health: -1/101     AC: 16    Str: 24    XL:     13   Next: 86%
Magic:  13/19      EV: 20    Int:  8    God:    Okawaru [*****.]
Gold:   448        SH:  9    Dex: 21    Spells: 12/12 levels left

rFire   + + .      SeeInvis .    q - +2 demon trident (elec)
rCold   + . .      Faith    .    D - +0 buckler {rC+ rF+}
rNeg    . . .      Spirit   .    E - +1 scale mail {rPois}
rPois   +          Reflect  .    u - +0 helmet
rElec   .          Harm     .    l - scarf {repulsion}
rCorr   .          Rampage  .    (no gloves)
Will    .....                    h - +2 pair of boots
Stlth   ++........               k - amulet "Xyfutisi" {Regen+ Dex+4}
HPRegen 1.06/turn                c - +6 ring of strength
MPRegen 0.16/turn                y - ring of protection from fire

@: about to teleport, heroic, finesse-ful, repel missiles
A: no striking features
a: Renounce Religion, Heroism, Finesse, Duel


You were on level 13 of the Dungeon.
You worshipped Okawaru.
Okawaru was extremely pleased with you.
You visited 2 branches of the dungeon, and saw 14 of its levels.
You visited the Abyss 1 time.

You collected 784 gold pieces.
You spent 336 gold pieces at shops.

Inventory:

Hand Weapons
 q - a +2 demon trident of electrocution (weapon)
Armour
 h - a +2 pair of boots (worn)
 l - a scarf of repulsion (worn)
 u - a +0 helmet (worn)
 D - a +0 buckler of resistance (worn)
 E - a +1 scale mail of poison resistance (worn)
Jewellery
 c - a +6 ring of strength (left hand)
 k - the amulet "Xyfutisi" (around neck) {Regen+ Dex+4}
   (You found it on level 10 of the Dungeon)

   [amulet of regeneration]

   Dex:       It affects your dexterity (+4).
   Regen:     It increases your rate of health regeneration.
 y - a ring of protection from fire (right hand)
Wands
 e - a wand of flame (16)
 t - a wand of polymorph (17)
 z - a wand of roots (1) (quivered)
 B - a wand of mindburst (1)
Scrolls
 f - a scroll of brand weapon {unknown}
 g - 4 scrolls of identify
 i - 2 scrolls of enchant armour
 r - a scroll of poison {unknown}
 v - a scroll of fear
 A - a scroll of magic mapping
 C - a scroll of acquirement {unknown}
Potions
 b - 5 potions of flight
 d - 3 potions of might
 j - 7 potions of curing
 m - 3 potions of ambrosia
 n - 3 potions of mutation
 p - 3 potions of lignification
 s - 3 potions of magic {unknown}
 w - 2 potions of cancellation {unknown}
 x - 4 potions of resistance
Miscellaneous
 o - a condenser vane


   Skills:
 + Level 9.4(14.4) Fighting
 - Level 3.5(8.5) Long Blades
 * Level 12.0(17.0) Polearms
 + Level 9.3(14.3) Armour
 + Level 8.8(13.8) Dodging
 + Level 9.4(14.4) Shields
 + Level 8.6 Invocations


You had 12 spell levels left.
You didn't know any spells.
Your spell library contained the following spells:

 Spells                   Type           Power      Damage    Failure   Level
 Sting                    Tmut/Pois      0%         1d3       67%         1
 Blink                    Tloc           0%         N/A       82%         2
 Poisonous Vapours        Pois/Air       0%         N/A       82%         2
 Static Discharge         Conj/Air       0%         2-2/arc   82%         2
 Sublimation of Blood     Necr           0%         N/A       82%         2
 Ignite Poison            Fire/Tmut/Pois 0%         N/A       96%         3
 Lesser Beckoning         Tloc           0%         N/A       96%         3
 Dispel Undead            Necr           0%         3d6       100%        4
 Manifold Assault         Tloc           0%         N/A       100%        4
 Olgreb's Toxic Radiance  Pois           0%         N/A       100%        4
 Petrify                  Tmut/Erth      0%         N/A       100%        4
 Sticky Flame             Conj/Fire      0%         2d3       100%        4
 Irradiate                Conj/Tmut      0%         3d11      100%        5
 Metabolic Englaciation   Hex/Ice        0%         N/A       100%        5
 Statue Form              Tmut/Erth      0%         N/A       100%        6


Dungeon Overview and Level Annotations

Branches:
Dungeon (13/15)            Temple (1/1) D:5            Lair (0/5) D:10
    Orc (0/2) D:9
 Vaults: D:13-14

Altars:
Ashenzari
Cheibriados
Dithmenos
Elyvilon
Fedhas
Gozag
Hepliaklqana
Kikubaaqudgha
Makhleb
Okawaru
Qazlal
Ru
Sif Muna
Trog
Uskayaw
Vehumet
Wu Jian
Yredelemnul
Zin
The Shining One

Shops:
D:8 *   D:12 !

Annotations:
D:4 3 runed translucent doors, Karim's ghost, novice GrFi
D:13 Snorg
Temple 2 transporters


Message History

Reach: q) +2 demon trident (elec)
Press: ? - help, Dir - move target, f/p - Snorg
Aim: Snorg (lightly wounded, berserk, about 25% to evade your +2 demon trident of electrocution)
You hit Snorg.
Snorg is lightly wounded.
Snorg misses you. Snorg barely misses you. You block Snorg's attack.
You can't see any enemies this would affect, really read the scroll of fear?
Okay, then.
As you read the scroll of teleportation, it crumbles to dust.
You feel strangely unstable. You block Snorg's attack.
Snorg closely misses you. Snorg barely misses you.
Reach: q) +2 demon trident (elec)
Press: ? - help, Dir - move target, f/p - Snorg
Aim: Snorg (lightly wounded, berserk, about 25% to evade your +2 demon trident of electrocution)
You barely miss Snorg.
Snorg is lightly wounded.
Snorg completely misses you. Snorg claws you but does no damage.
Snorg completely misses you.
Reach: q) +2 demon trident (elec)
Press: ? - help, Dir - move target, f/p - Snorg
Aim: Snorg (lightly wounded, berserk, about 25% to evade your +2 demon trident of electrocution)
You impale Snorg!!
Snorg is moderately wounded.
Reach: q) +2 demon trident (elec)
Press: ? - help, Dir - move target, f/p - Snorg
Aim: Snorg (moderately wounded, berserk, about 25% to evade your +2 demon trident of electrocution)
You puncture Snorg!
Snorg is moderately wounded.
Snorg bites you!!
* * * LOW HITPOINT WARNING * * *
Snorg closely misses you. Snorg claws you!
* * * LOW HITPOINT WARNING * * *
Reach: q) +2 demon trident (elec)
Press: ? - help, Dir - move target, f/p - Snorg
Aim: Snorg (moderately wounded, berserk, about 25% to evade your +2 demon trident of electrocution)
Okay, then.
Okay, then.
Snorg attacks as you move away! Snorg closely misses you.
You block Snorg's attack. Snorg claws you.
You die...

#...#.#.## ##.###.##
#.# #.# #.# #.# #.#
#.# #.# #.# #.# #.#
#.###.###############
#.#...........@T....#
#.#.##..#####.#####.#
#.#.##..# #.#
#.#.....#####.#
#.#.###.#.....#
#.#.##....###.#
#......#..# #.#
#.#.##...## #.#
#.#.###.... ...


You could see Snorg (berserk).

Vanquished Creatures
  2 tentacled starspawn (Abyss:2)
  A fire dragon (D:10)
  Josephine (D:12)
  4 centaur warriors
  Erolcha (D:9)
  A boulder beetle (D:12)
  Erica (D:9)
  6 two-headed ogres
  3 tengu warriors
  A deep troll (shapeshifter) (Abyss:2)
  2 deep elf pyromancers
  An ugly thing (D:10)
  A manticore (D:11)
  2 cyclopes
  Joseph (D:7)
  An apocalypse crab (Abyss:2)
  2 gargoyles (D:9)
  A komodo dragon (D:10)
  4 unseen horrors
  A kobold demonologist (D:10)
  An efreet (Abyss:2)
  A freezing wraith (D:10)
  3 trolls
  A hornet (D:10)
  4 slime creatures (D:13)
  An air elemental (Abyss:2)
  2 wyverns
  A vampire (D:9)
  6 wraiths
  2 basilisks
  9 yaks (D:9)
  2 steam dragons
  7 vampire mosquitoes
  Menkaure (D:4)
  A harpy simulacrum (Abyss:2)
  A water moccasin (D:5)
  An acid dragon (D:12)
  Duvessa (D:4)
  An orc warrior (D:12)
  A sky beast (D:6)
  3 black bears
  A boggart (D:10)
  An ogre (D:7)
  5 centaurs
  A phantom (D:6)
  2 lemures (D:4)
  A kobold brigand (D:9)
  7 bullfrogs
  3 small abominations (Abyss:2)
  13 wights
  6 scorpions
  19 killer bees
  Dowan (D:4)
  5 howler monkeys
  An orc priest (D:8)
  6 hounds
  2 jellies (D:6)
  7 iguanas
  9 orc wizards
  Terence (D:2)
  Robin (D:4)
  8 gnolls
  4 adders
  A shadow imp (D:5)
  6 white imps
  2 ufetubi
  A worm (D:3)
  4 dart slugs
  25 orcs
  7 endoplasms
  2 giant cockroaches
  12 goblins
  11 hobgoblins
  4 jackals (D:2)
  12 kobolds
  4 quokkas
  5 ball pythons
  6 bats
  5 frilled lizards
  3 rats
301 creatures vanquished.

Vanquished Creatures (others)
  An orc wizard (D:8)
  40 plants
  2 starspawn tentacles (Abyss:2)
43 creatures vanquished.

Grand Total: 344 creatures vanquished

Notes
Turn   | Place    | Note
-------+----------+-------------------------------------------
     0 | D:1      | inmateoo the Human Fighter began the quest for the Orb.
     0 | D:1      | Reached XP level 1. HP: 18/18 MP: 1/1
    96 | D:1      | Reached XP level 2. HP: 24/24 MP: 2/2
   812 | D:1      | You fall into a shaft and drop 1 floor!
   859 | D:1      | Found a faded altar of an unknown god.
   926 | D:1      | Reached XP level 3. HP: 24/24 MP: 3/3
  1145 | D:2      | Reached skill level 1 in Dodging
  1214 | D:2      | Reached XP level 4. HP: 31/33 MP: 4/4
  1304 | D:2      | Noticed Terence
  1310 | D:2      | Killed Terence
  2221 | D:2      | Reached XP level 5. HP: 25/41 MP: 5/5
  3474 | D:4      | Noticed Menkaure
  3477 | D:4      | Killed Menkaure
  3478 | D:4      | Reached skill level 1 in Polearms
  3478 | D:4      | Reached XP level 6. HP: 48/48 MP: 6/6
  3526 | D:4      | Noticed a black bear
  3531 | D:4      | Killed a black bear
  3532 | D:4      | Reached skill level 2 in Polearms
  3532 | D:4      | Reached XP level 7. HP: 45/54 MP: 7/7
  3665 | D:4      | Noticed Karim's ghost (novice GrFi)
  3718 | D:4      | Found a runed translucent gate.
  3718 | D:4      | Found a runed translucent gate.
  3718 | D:4      | Found a runed translucent gate.
  3744 | D:4      | Noticed Robin
  3752 | D:4      | Reached skill level 3 in Polearms
  3761 | D:4      | Killed Robin
  3918 | D:4      | Found an opulent altar of Gozag.
  3928 | D:4      | Noticed Dowan
  3932 | D:4      | Noticed Duvessa
  4122 | D:4      | Reached XP level 8. HP: 35/61 MP: 8/8
  4299 | D:4      | Noticed Pikel
  4317 | D:4      | Pikel changed into Pikel the iguana
  4317 | D:4      | Noticed Pikel
  4318 | D:4      | Killed Pikel the iguana
  4674 | D:4      | Killed Duvessa
  4683 | D:4      | Killed Dowan
  4684 | D:4      | Reached skill level 4 in Polearms
  4993 | D:5      | Entered Level 5 of the Dungeon
  5510 | D:5      | Found a burning altar of Makhleb.
  5518 | D:5      | Reached skill level 5 in Fighting
  5578 | D:5      | Reached skill level 5 in Shields
  5607 | D:5      | Reached skill level 5 in Armour
  5743 | D:5      | Found a staircase to the Ecumenical Temple.
  6045 | Temple   | Entered the Ecumenical Temple
  6045 | Temple   | Found a transporter.
  6045 | Temple   | Found a transporter.
  6047 | Temple   | Found a transporter.
  6047 | Temple   | Found a transporter.
  6061 | Temple   | Became a worshipper of Warmaster Okawaru
  6321 | D:6      | Reached skill level 5 in Polearms
  6321 | D:6      | Reached XP level 9. HP: 68/68 MP: 9/9
  6465 | D:6      | Reached skill level 1 in Invocations
  6817 | D:6      | Reached * piety under Okawaru
  7468 | D:7      | Reached skill level 6 in Polearms
  7955 | D:7      | Noticed Joseph
  8699 | D:7      | Reached ** piety under Okawaru
  8843 | D:7      | Found a broken altar of Ashenzari.
  8880 | D:7      | HP: 3/69 [Joseph/+0 quarterstaff (16)]
  8881 | D:7      | Killed Joseph
  8882 | D:7      | Reached XP level 10. HP: 4/76 MP: 12/12
  9390 | D:7      | Reached skill level 5 in Dodging
  9557 | D:7      | Reached skill level 7 in Polearms
  9826 | D:8      | Found Dutzap's Changing Room.
  9898 | D:8      | Noticed a two-headed ogre
  9911 | D:7      | Killed a two-headed ogre
  9911 | D:7      | Reached *** piety under Okawaru
 10455 | D:8      | Killed an unseen horror
 10919 | D:9      | Noticed a gargoyle
 10938 | D:9      | Killed a gargoyle
 10938 | D:9      | Reached **** piety under Okawaru
 11162 | D:9      | Reached skill level 8 in Polearms
 11167 | D:9      | Reached XP level 11. HP: 65/83 MP: 14/14
 11356 | D:9      | Found a staircase to the Orcish Mines.
 11356 | D:9      | Noticed Erica
 11362 | D:9      | Killed Erica
 11363 | D:9      | Reached skill level 5 in Invocations
 11754 | D:9      | Found a shimmering blue altar of Sif Muna.
 12114 | D:9      | Reached ***** piety under Okawaru
 12214 | D:9      | Noticed Erolcha
 12231 | D:9      | Reached skill level 9 in Polearms
 12232 | Abyss:2  | Cast into level 2 of the Abyss (Erolcha)
 12258 | Abyss:2  | Paralysed by an air elemental for 1 turns
 12263 | Abyss:2  | Paralysed by an air elemental for 1 turns
 12268 | Abyss:2  | Paralysed by an air elemental for 1 turns
 12277 | Abyss:2  | Received a gift from Okawaru
 12349 | Abyss:2  | Noticed a thrashing horror
 12465 | Abyss:2  | Noticed a green death
 12596 | Abyss:2  | Noticed a tentacled starspawn
 12604 | Abyss:2  | Killed a tentacled starspawn
 12640 | Abyss:2  | Noticed a wretched star
 12650 | Abyss:2  | Noticed a cyan very ugly thing
 12672 | Abyss:2  | Found a corrupted altar of Lugonu.
 12799 | Abyss:2  | Noticed a thrashing horror
 12818 | Abyss:2  | Noticed a thrashing horror
 12870 | Abyss:2  | Noticed a tentacled starspawn
 12878 | Abyss:2  | Killed a tentacled starspawn
 12883 | Abyss:2  | Reached XP level 12. HP: 78/92 MP: 13/16
 12998 | Abyss:2  | Noticed a hell hog
 13015 | Abyss:2  | Noticed a deep troll
 13029 | Abyss:2  | Killed a deep troll
 13034 | D:9      | Escaped the Abyss
 13054 | D:9      | Killed Erolcha
 13272 | D:10     | Entered Level 10 of the Dungeon
 13342 | D:10     | Paralysed by a hornet for 3 turns
 13352 | D:10     | Reached skill level 10 in Polearms
 13733 | D:10     | Found a staircase to the Lair.
 13806 | D:10     | Noticed a soul eater
 14071 | D:10     | Noticed a two-headed ogre
 14074 | D:10     | Noticed a sun demon
 14080 | D:11     | Killed a two-headed ogre
 14495 | D:10     | Identified the amulet "Xyfutisi" {Regen+ Dex+4}
 14519 | D:10     | Noticed a centaur warrior
 14534 | D:10     | Killed a centaur warrior
 14603 | D:10     | Reached ****** piety under Okawaru
 15027 | D:10     | Noticed a two-headed ogre
 15030 | D:10     | Noticed a two-headed ogre
 15049 | D:10     | Killed a two-headed ogre
 15055 | D:10     | Killed a two-headed ogre
 15055 | D:10     | Received a gift from Okawaru
 15076 | D:10     | Noticed a fire dragon
 15095 | D:10     | Killed a fire dragon
 15106 | D:10     | Identified the +7 quarterstaff of the Nurturing Madman
                  | {speed, Drain Str+5}
 15273 | D:10     | Reached XP level 13. HP: 83/99 MP: 18/18
 15382 | D:10     | Found a snail-covered altar of Cheibriados.
 15524 | D:11     | Reached skill level 11 in Polearms
 16897 | D:12     | Received a gift from Okawaru
 17313 | D:12     | Noticed a centaur warrior
 17326 | D:12     | Killed a centaur warrior
 17402 | D:12     | Found Qoagijad's Distillery.
 17405 | D:12     | Bought a potion of resistance for 160 gold pieces
 17405 | D:12     | Bought a potion of might for 64 gold pieces
 17405 | D:12     | Bought a potion of curing for 48 gold pieces
 17405 | D:12     | Bought a potion of might for 64 gold pieces
 17415 | D:12     | Noticed Josephine
 17428 | D:12     | Killed Josephine
 17757 | D:13     | Noticed a centaur warrior
 17758 | D:13     | Noticed a centaur warrior
 17769 | D:12     | Killed a centaur warrior
 17818 | D:13     | Killed a centaur warrior
 18158 | D:13     | Reached skill level 12 in Polearms
 18222 | D:13     | Noticed Snorg
 18240 | D:13     | HP: 2/101 [Snorg (9)]
 18241 | D:13     | Slain by Snorg

Illustrated notes

Levels and vault maps discovered:
D:1:      scummos_arrival_forest, layout_basic,
          dreamdust_ecumenical_altar_statues, minmay_3d_cube
D:2:      layout_basic, kennysheep_another_room, uniq_terence
D:3:      layout_loops_ring, serial_bayou_lagoon_b
D:4:      layout_loops_ring, mainiacjoe_overflow_alcove_1,
          gammafunk_ghost_split, uniq_pikel, uniq_menkaure, uniq_duvessa,
          uniq_robin
D:5:      layout_basic, makhleb_blood_cavern_becter,
          minmay_temple_entry_glassed_door, minmay_between
D:6:      layout_basic
D:7:      layout_loops_cross, lemuel_tele_altar, grunt_tough_drop, uniq_joseph
D:8:      layout_basic, serial_glass, glass_columns_a, glass_columns_c,
          item_on_display_a, due_unseen_surprise, minmay_strange_pillars,
          nicolae_transmutations_shop
D:9:      layout_basic, nicolae_sif_muna_condensation, orc_0_dummy,
          grunt_ministairs_9, uniq_erica, uniq_erolcha
D:10:     minmay_the_grid_square_5x5_3x3 [minmay_the_grid_square_5x5_longway,
          minmay_the_grid_square_5x5_beaten_path,
          minmay_the_grid_square_5x5_three_walls,
          minmay_the_grid_square_5x5_almost_minimal,
          minmay_the_grid_square_5x5_megaprize_checkered,
          minmay_the_grid_square_5x5_plus, minmay_the_grid_square_5x5_eight,
          minmay_the_grid_square_5x5_minivault,
          minmay_the_grid_square_5x5_hollow_slash], layout_rooms,
          chei_slow_surprise, david_lair_shrubbed
D:11:     layout_gridville, nicolae_eternal_life
D:12:     layout_stronghold, serial_shops, nicolae_shop_window_shopping,
          uniq_josephine
D:13:     layout_loops_ring, item_on_display_a, uniq_snorg
Temple:   hellmonk_temple_divided_pantheon

Skill      XL: |  1  2  3  4  5  6  7  8  9 10 11 12 13 |
---------------+----------------------------------------+-----
Dodging        | 1 2 3 4 5 6 7 8 |  8.8
Long Blades    | 3 |  3.5
Polearms       | 1 2 3 5 6 8 9 10 12 | 12.0
Shields        | 4 5 6 7 8 9 |  9.4
Fighting       | 4 5 6 7 8 9 |  9.4
Armour         | 4 5 6 7 8 9 |  9.3
Invocations    | 3 4 6 7 8 |  8.6

Action                   |  1- 3 |  4- 6 |  7- 9 | 10-12 | 13-15 || total
-------------------------+-------+-------+-------+-------+-------++-------
Melee: Long sword        |    88 |   109 |       |       |       ||   197
       Demon trident     |       |    19 |   297 |   487 |   291 ||  1094
       Unarmed           |       |       |       |    17 |       ||    17
Throw: Throwing net      |       |       |     1 |     2 |       ||     3
Invok: Heroism           |       |       |       |     4 |     2 ||     6
       Finesse           |       |       |       |     1 |     1 ||     2
Evoke: Wand              |       |       |     1 |       |     8 ||     9
       Condenser vane    |       |       |       |     1 |       ||     1
  Use: Scroll            |     4 |     1 |     7 |     6 |     3 ||    21
       Potion            |       |       |       |     8 |     1 ||     9
 Stab: Sleeping          |       |       |     3 |     1 |       ||     4
       Distracted        |       |       |     1 |     1 |       ||     2
       Held in net/web   |       |       |       |     1 |       ||     1
Armor: Scale mail        |     6 |       |       |    22 |   126 ||   154
       Chain mail        |    49 |    46 |       |       |       ||    95
       Leather armour    |       |     7 |    55 |   113 |       ||   175
       Skin              |       |       |       |       |    12 ||    12
Dodge: Dodged            |    53 |    72 |   131 |   301 |   166 ||   723
       Repelled          |       |       |       |       |     1 ||     1
Block: Buckler           |    32 |    28 |    57 |   118 |   105 ||   340

Table legend: (Time is in decaauts)
 A = Elapsed time spent in this place.
 B = Non-inter-level travel time spent in this place.
 C = Inter-level travel time spent in this place.
 D = Time resting spent in this place.
 E = Time spent auto-exploring this place.
 F = Levels seen in this place.
 G = Mean time per level.
                   A        B        C        D        E       F      G
               +--------+--------+--------+--------+--------+-----+--------+
         Total |  18203 |  17281 |    922 |   7645 |   6662 |  15 | 1213.5 |
       Dungeon |  17414 |  16500 |    914 |   7083 |   6660 |  13 | 1339.5 |
        Temple |     28 |     20 |      8 |      0 |      2 |   1 |   28.0 |
         Abyss |    760 |    760 |      0 |    561 |      0 |   1 |  760.0 |
               +--------+--------+--------+--------+--------+-----+--------+

Top non-repeatable levels by time:
     D:7: 2181 daAuts
    D:11: 1918 daAuts
    D:10: 1590 daAuts
     D:9: 1553 daAuts
     D:4: 1465 daAuts
     D:6: 1441 daAuts
     D:2: 1429 daAuts
     D:5: 1253 daAuts
     D:1: 1114 daAuts
     D:3: 1091 daAuts
     D:8: 1004 daAuts
    D:12: 952 daAuts
 Abyss:2: 760 daAuts
    D:13: 419 daAuts
  Temple: 28 daAuts
